 Dungeon Crawl Stone Soup version 0.22.1-1-ga44c0e5 (webtiles) character file.

29470 Zebedee the Grappler (level 13, 0/124 HPs)
             Began as a Troll Transmuter on Oct 7, 2018.
             Was the Champion of Yredelemnul.
             Killed from afar by a hell knight (24 damage)
             ... with a bolt of fire
             ... on level 14 of the Dungeon.
             The game lasted 00:53:07 (12564 turns).

Zebedee the Grappler (Troll Transmuter)            Turns: 12564, Time: 00:53:10

Health: 0/124      AC: 16    Str: 21    XL:     13   Next: 15%
Magic:  17/18      EV:  9    Int: 15    God:    Yredelemnul [******]
Gold:   763        SH:  0    Dex: 10    Spells: 13/20 levels left

rFire    . . .     SeeInvis .     - Unarmed
rCold    . . .     Gourm    +   (no shield)
rNeg     + . .     Faith    .   u - +4 troll leather armour
rPois    .         Spirit   .   (helmet restricted)
rElec    .         Reflect  .   L - +2 cloak {+Inv}
rCorr    .         Harm     .   (gloves unavailable)
MR       +....                  (boots unavailable)
Stlth    +.........             (no amulet)
HPRegen  1.50/turn              E - ring of positive energy
MPRegen  0.16/turn              T - ring of protection from magic

@: flying
A: large, unfitting armour, claws 3, iridescent scales 1, clever 1, fast
metabolism 3, gourmand, mutation resistance 1, regeneration 2, shaggy fur 1,
tough skin 2
a: Recall Undead Slaves, Injury Mirror, Animate Dead, Drain Life, Enslave Soul,
Renounce Religion, Evoke Invisibility


You were on level 14 of the Dungeon.
You worshipped Yredelemnul.
Yredelemnul was exalted by your worship.
You were not hungry.

You visited 1 branch of the dungeon, and saw 14 of its levels.
You also visited: Sewer.

You collected 947 gold pieces.
You spent 184 gold pieces at shops.

Inventory:

Hand Weapons
 h - a +4 scimitar of flaming
 G - a +0 blowgun
 K - a cursed +0 trident
 Q - a +0 halberd of flaming
Missiles
 a - 405 arrows
 s - 17 large rocks (quivered)
 y - a throwing net
 F - 49 poisoned needles
Armour
 u - a +4 troll leather armour (worn)
 I - a +0 shield of poison resistance
 L - a +2 cloak of invisibility (worn)
Jewellery
 x - an uncursed ring of positive energy
 E - a ring of positive energy (left claw)
 T - a ring of protection from magic (right claw)
Wands
 b - a wand of iceblast (16)
 n - a wand of paralysis (4)
 z - a wand of clouds (6)
 M - a wand of digging (30)
 O - a wand of flame (24)
 R - a wand of acid (12)
 U - a wand of disintegration (15)
 V - a wand of polymorph (8)
Scrolls
 c - 2 scrolls of immolation {unknown}
 i - 3 scrolls of fear {unknown}
 j - 2 scrolls of random uselessness {unknown}
 l - 5 scrolls of magic mapping
 q - 8 scrolls of remove curse
 t - 5 scrolls of amnesia
 v - 2 scrolls of enchant weapon
 w - a scroll of blinking {unknown}
 B - 2 scrolls of teleportation
 D - a scroll of noise {unknown}
 N - 4 scrolls of identify
 P - a scroll of fog {unknown}
 Y - a scroll of enchant armour
Potions
 e - 8 potions of curing
 f - 2 potions of agility
 g - a potion of brilliance {unknown}
 k - 2 potions of resistance
 m - 2 potions of might
 o - 5 potions of ambrosia
 p - 2 potions of degeneration
 r - a potion of berserk rage {unknown}
 A - 2 potions of lignification {unknown}
 C - a potion of mutation
 H - a potion of flight
 J - 4 potions of heal wounds
 S - a potion of haste {unknown}
 W - a potion of magic {unknown}
 X - a potion of invisibility {unknown}
Comestibles
 d - 32 rations


   Skills:
 * Level 7.5 Fighting
 - Level 0.7 Long Blades
 - Level 0.2 Polearms
 - Level 4.0 Armour
 - Level 1.5 Dodging
 - Level 14.8 Unarmed Combat
 * Level 4.2 Spellcasting
 * Level 5.4 Transmutations
 * Level 4.9 Ice Magic
 - Level 6.0 Invocations


You had 13 spell levels left.
You knew the following spells:

 Your Spells              Type           Power        Failure   Level  Hunger
a - Beastly Appendage     Tmut           ###...       2%          1    None
b - Sticks to Snakes      Tmut           ###.....     3%          2    ##.....
c - Ice Form              Ice/Tmut       ###.....     24%         4    ####...

Your spell library contained the following spells:

 Spells                   Type           Power        Failure   Level  Hunger
 Passwall                 Tmut/Erth      ##......     10%         2    ##.....
 Magic Dart               Conj           #...         21%         1    None
 Sandblast                Erth           #.....       21%         1    None
 Shock                    Conj/Air       #...         21%         1    None
 Spider Form              Tmut/Pois      ##........   21%         3    ###....
 Blink                    Tloc           N/A          30%         2    ##.....
 Call Imp                 Summ           #.......     30%         2    ##.....
 Slow                     Hex            #.......     30%         2    ##.....
 Swiftness                Chrm/Air       #.......     30%         2    ##.....
 Conjure Flame            Conj/Fire      #.......     52%         3    ###....
 Mephitic Cloud           Conj/Pois/Air  #.......     52%         3    ###....
 Static Discharge         Conj/Air       #.......     52%         3    ###....
 Stone Arrow              Conj/Erth      #.....       52%         3    ###....
 Blade Hands              Tmut           ###.......   52%         5    ######.
 Petrify                  Tmut/Erth      ##......     54%         4    ####...
 Airstrike                Air            #.........   90%         4    ####...
 Lee's Rapid Deconstruct  Erth           #.........   99%         5    ######.
 Lightning Bolt           Conj/Air       #.........   99%         5    ######.


Dungeon Overview and Level Annotations

Branches:
Dungeon (14/15)            Temple (0/1) D:4            Lair (0/6) D:9
    Orc (0/2) D:9          Vaults (0/5) D:14

Altars:
Ashenzari
Elyvilon
Gozag
Kikubaaqudgha
Nemelex Xobeh
Qazlal
Yredelemnul

Shops:
D:6 [   D:8 (*   D:10 =*

Portals:
Trove: D:10 (give +6 ice dragon scales)


Innate Abilities, Weirdness & Mutations

You are too large for most types of armour.
You have claws for hands.
Your metabolism is lightning-fast.
You like to eat raw meat.
You heal very quickly.
You are covered in fur. (AC +1)
You have very tough skin. (AC +2)
You are partially covered in iridescent scales. (AC +2)
Your mind is acute. (Int +2)
You are somewhat resistant to further mutation.


Message History

The hell knight is lightly wounded.
A blast of flame appears from out of your range of vision.
The blast of flame hits your phantasmal warrior.
Your flying skull hits something!
You claw the hell knight! x2
The hell knight is moderately wounded.
Something hits your flying skull. Yredelemnul accepts your kill.
You feel a bit more experienced.
The hell knight hits you with an enchanted battleaxe!
The hell knight hits you with an enchanted long sword!!
* * * LOW HITPOINT WARNING * * *
You hear a shout!
You swap places.
Your skeletal warrior hits the hell knight with a long sword of slicing!
The hell knight hits your skeletal warrior but does no damage.
The hell knight points at you and mumbles some strange words.
The bolt of fire hits you!
You die...
Your body rises from the dead as a mindless zombie. #.# #z# #. ######.########## #z# #. #....)z..Z..Z.Z.## #.###z #..Z.zZ.W.z..ZzZ.# #z#zzz

#..#############Z## #zz.#W
#.W#.. #..# ##...#
#..#.#########
#.z#######....
#.§#§#....pzp#
#........#....
##§z§#.#####@#
#.######(#..#. #W≈†# #...#Z#
#.# #...# #!≈†# #...W.# #.#
#>... #Z≈.#.#)..#)# #.#
#.... #§§z#.#####W# #.#
#..#. #.#.#...).§.# #.#
#...# #.#.###≈≈≈###.#.#
#....
#.#...........#.######.#....
#.#############.....%.. #.


You could see 2 hell knights, a friendly skeletal warrior, a friendly phantasmal
warrior, a friendly wraith and a friendly hell hound zombie.

Vanquished Creatures
  2 vault guards (D:14)
  A hydra (D:11)
  A centaur warrior (D:14)
  A two-headed ogre (D:12)
  2 hell knights (D:14)
  3 unseen horrors (D:11)
  2 necromancers (D:14)
  A deep elf mage (D:14)
  2 cyclopes
  4 ugly things (D:14)
  2 gargoyles
  3 centaur zombies
  A freezing wraith (D:14)
  A hornet (D:12)
  A hippogriff (D:14)
  2 shadows
  Sigmund (D:2)
  A spriggan (D:7)
  3 wyverns
  2 yaks
  A basilisk (D:13)
  6 humans (D:14)
  A vampire mosquito (D:12)
  A soldier ant (D:10)
  3 hell hounds (D:14)
  3 orc warriors
  A hornet zombie (D:13)
  2 ice beasts
  A sky beast (D:5)
  A black bear (D:11)
  Purgy (Sewer)
  A phantom (D:9)
  A wolf (D:9)
  5 ogres
  8 centaurs
  2 big kobolds
  5 bullfrogs
  A scorpion (D:6)
  3 killer bees (D:11)
  4 troll zombies (D:9)
  3 wights (D:7)
  A howler monkey (D:8)
  4 crimson imps
  3 jellies
  7 orc priests
  3 bullfrog skeletons
  5 hounds
  A gnoll shaman (D:8)
  2 centaur skeletons
  An iguana (D:12)
  13 orc wizards
  6 worker ants
  An ogre zombie (D:9)
  2 hound zombies
  A worker ant zombie (D:10)
  Robin (D:3)
  9 gnolls
  A howler monkey skeleton (D:6)
  9 adders
  4 shadow imps
  3 oozes
  3 adder skeletons
  4 worms
  A dart slug (D:1)
  5 leopard geckos
  28 orcs
  3 bats
  6 giant cockroaches
  19 goblins
  8 hobgoblins
  22 jackals
  5 quokkas
  2 ball pythons
  3 frilled lizards
  A giant cockroach zombie (D:5)
  3 goblin skeletons (D:9)
  A goblin zombie (D:9)
  A hobgoblin skeleton (D:9)
  A jackal skeleton (D:6)
  14 kobolds
  A leopard gecko zombie (D:8)
  An orc skeleton (D:9)
  9 orc zombies (D:9)
  4 rats
312 creatures vanquished.

Vanquished Creatures (collateral kills)
  A hydra (D:13)
  Erica (D:8)
  A centaur warrior (D:14)
  A catoblepas (D:14)
  2 two-headed ogres
  A tengu warrior (D:14)
  A hell knight (D:14)
  A wizard (D:14)
  5 ugly things
  A cyclops (D:14)
  A centaur zombie (D:13)
  3 gargoyles
  2 freezing wraiths (D:14)
  A kobold demonologist (D:12)
  A troll (D:9)
  3 hippogriffs
  A shadow (D:12)
  2 wraiths (D:14)
  12 humans (D:14)
  9 yaks
  A wyvern (D:8)
  A basilisk (D:13)
  3 hungry ghosts
  6 vampire mosquitoes
  A soldier ant (D:14)
  4 hell hounds (D:14)
  2 ice beasts
  4 orc warriors
  2 sky beasts
  2 eyes of draining
  3 phantoms (D:9)
  A wolf (D:9)
  3 centaurs
  3 crocodiles
  7 bullfrogs
  A wyvern skeleton (D:14)
  A scorpion (D:13)
  2 killer bees (D:11)
  A troll zombie (D:9)
  2 electric eels (D:9)
  4 howler monkeys
  A crimson imp (D:11)
  A bullfrog zombie (D:13)
  9 hounds
  A jelly (D:14)
  A bullfrog skeleton (D:10)
  4 orc priests
  3 orc wizards
  2 iguanas (D:8)
  3 worker ants
  2 ogre zombies (D:9)
  2 gnolls (D:8)
  4 adders
  3 shadow imps
  A leopard gecko (D:9)
  17 orcs
  A jackal (D:8)
  4 kobolds
  A bat (D:3)
  2 goblin zombies (D:9)
  An orc skeleton (D:9)
  6 orc zombies (D:9)
173 creatures vanquished.

Vanquished Creatures (others)
  20 flying skulls
  A vampire mosquito zombie (D:14)
  A wolf zombie (D:9)
  2 bullfrog zombies
  A human zombie (D:14)
  A sky beast zombie (D:9)
  3 hound zombies (D:9)
  A crocodile skeleton (D:14)
  2 howler monkey zombies (D:9)
  An orc (D:9)
  2 goblin zombies (D:3)
  A kobold zombie (D:3)
  10 orc zombies
  A quokka zombie (D:3)
47 creatures vanquished.

Grand Total: 532 creatures vanquished

Notes
Turn   | Place    | Note
-------+----------+-------------------------------------------
     0 | D:1      | Zebedee the Troll Transmuter began the quest for the Orb.
     0 | D:1      | Reached XP level 1. HP: 18/18 MP: 1/1
   136 | D:1      | Reached XP level 2. HP: 26/26 MP: 2/2
   288 | D:1      | Reached skill level 4 in Unarmed Combat
   564 | D:1      | Reached XP level 3. HP: 27/32 MP: 3/3
   819 | D:2      | Found a white marble altar of Elyvilon.
   977 | D:2      | Found a basalt altar of Yredelemnul.
  1009 | D:2      | Became a worshipper of Yredelemnul the Dark
  1184 | D:2      | Found a sparkling altar of Nemelex Xobeh.
  1186 | D:2      | Noticed Sigmund
  1239 | D:2      | Killed Sigmund
  1239 | D:2      | Reached skill level 1 in Fighting
  1239 | D:2      | Reached skill level 6 in Unarmed Combat
  1239 | D:2      | Reached skill level 1 in Invocations
  1239 | D:2      | Reached XP level 4. HP: 41/41 MP: 4/4
  1239 | D:2      | Reached XP level 5. HP: 48/48 MP: 5/5
  1373 | D:2      | Found a faded altar of an unknown god.
  1636 | D:3      | Found a transporter.
  1706 | D:3      | Reached XP level 6. HP: 52/55 MP: 6/6
  1782 | D:3      | Learned a level 2 spell: Sticks to Snakes
  1789 | D:3      | Reached * piety under Yredelemnul
  1830 | D:3      | Found a transporter.
  2008 | D:3      | Noticed Robin
  2068 | D:3      | Killed Robin
  2548 | D:3      | Reached skill level 7 in Unarmed Combat
  2649 | D:3      | Reached XP level 7. HP: 61/62 MP: 7/7
  2764 | D:3      | Reached ** piety under Yredelemnul
  2834 | D:4      | Learned a level 4 spell: Ice Form
  2949 | D:4      | Found a staircase to the Ecumenical Temple.
  3109 | D:4      | Found a glowing drain.
  3115 | Sewer    | Entered a sewer
  3203 | Sewer    | Noticed Purgy
  3205 | Sewer    | Killed Purgy
  3205 | Sewer    | Reached skill level 8 in Unarmed Combat
  3773 | D:5      | Entered Level 5 of the Dungeon
  4168 | D:5      | Reached *** piety under Yredelemnul
  4196 | D:5      | Reached XP level 8. HP: 72/72 MP: 8/10
  4617 | D:5      | Reached skill level 9 in Unarmed Combat
  5569 | D:6      | Received a gift from Yredelemnul (3 flying skulls)
  5699 | D:6      | Found Baipiy's Antique Armour Shoppe.
  5707 | D:6      | Bought a runed cloak for 142 gold pieces
  5974 | D:7      | Reached skill level 10 in Unarmed Combat
  6088 | D:7      | Noticed a hippogriff
  6097 | D:7      | Killed a hippogriff
  6097 | D:7      | Reached XP level 9. HP: 25/80 MP: 11/11
  6098 | D:7      | Received a gift from Yredelemnul (5 flying skulls)
  6739 | D:8      | Reached skill level 11 in Unarmed Combat
  6854 | D:8      | Found a shattered altar of Ashenzari.
  6930 | D:8      | Reached skill level 5 in Invocations
  6986 | D:8      | Found an ancient bone altar of Kikubaaqudgha.
  7005 | D:8      | Noticed Erica
  7012 | D:8      | Killed Erica
  7064 | D:8      | Found Gaiz Aru's Weapon Emporium.
  7578 | D:8      | Found Hepsiq's General Store.
  7581 | D:8      | Bought a scroll of teleportation for 42 gold pieces
  7710 | D:9      | Noticed a two-headed ogre
  7717 | D:9      | Killed a two-headed ogre
  7717 | D:9      | Reached skill level 12 in Unarmed Combat
  7721 | D:9      | Reached **** piety under Yredelemnul
  7726 | D:9      | Reached XP level 10. HP: 89/92 MP: 11/13
  7735 | D:9      | Found a staircase to the Lair.
  7749 | D:9      | Received a gift from Yredelemnul (a mummy)
  7797 | D:9      | Received a gift from Yredelemnul (a wraith)
  7863 | D:9      | Found a staircase to the Orcish Mines.
  7887 | D:9      | Reached ***** piety under Yredelemnul
  7992 | D:9      | Received a gift from Yredelemnul (a wight)
  8090 | D:9      | Found a stormy altar of Qazlal.
  8240 | D:10     | Entered Level 10 of the Dungeon
  8245 | D:10     | Noticed a gargoyle
  8250 | D:10     | Killed a gargoyle
  8332 | D:10     | Reached skill level 1 in Armour
  8375 | D:10     | Found Deakorur's Jewellery Boutique.
  8412 | D:10     | Reached skill level 1 in Ice Magic
  8417 | D:10     | Reached skill level 13 in Unarmed Combat
  8795 | D:10     | Found Ajagh's Changing Room.
  8801 | D:10     | Found a portal to a secret trove of treasure.
  9075 | D:11     | Noticed a six-headed hydra
  9086 | D:11     | Killed a four-headed hydra
  9166 | D:11     | Noticed a cyclops
  9173 | D:11     | Reached XP level 11. HP: 78/101 MP: 14/14
  9181 | D:11     | Reached skill level 5 in Fighting
  9185 | D:11     | Received a gift from Yredelemnul (a wraith)
  9309 | D:11     | Killed an unseen horror
  9501 | D:11     | Killed an unseen horror
  9539 | D:11     | Received a gift from Yredelemnul (a vampire)
  9741 | D:11     | Killed an unseen horror
  9882 | D:12     | Received a gift from Yredelemnul (a phantasmal warrior)
 10006 | D:12     | Noticed a two-headed ogre
 10012 | D:12     | Killed a two-headed ogre
 10012 | D:12     | Reached skill level 14 in Unarmed Combat
 10484 | D:12     | Received a gift from Yredelemnul (5 flying skulls)
 10529 | D:12     | Noticed a cyan ugly thing
 10536 | D:12     | Killed a cyan ugly thing
 10715 | D:12     | Gained mutation: You expend magic power (3 MP) to
                  | strengthen your wands. [potion of mutation]
 10715 | D:12     | Gained mutation: Your body sometimes deteriorates upon
                  | taking damage. [potion of mutation]
 10715 | D:12     | Gained mutation: Your mind is acute. (Int +2) [potion of
                  | mutation]
 10715 | D:12     | Gained mutation: Your movements are slightly less
                  | encumbered by armour. (ER -2) [potion of mutation]
 10716 | D:12     | Lost mutation: Your body sometimes deteriorates upon taking
                  | damage. [potion of mutation]
 10716 | D:12     | Lost mutation: You expend magic power (3 MP) to strengthen
                  | your wands. [potion of mutation]
 10716 | D:12     | Lost mutation: Your movements are slightly less encumbered
                  | by armour. (ER -2) [potion of mutation]
 10716 | D:12     | Gained mutation: You heal very quickly. [potion of
                  | mutation]
 10716 | D:12     | Gained mutation: You are partially covered in iridescent
                  | scales. (AC +2) [potion of mutation]
 10716 | D:12     | Gained mutation: You are somewhat resistant to further
                  | mutation. [potion of mutation]
 11046 | D:13     | Reached XP level 12. HP: 111/111 MP: 15/15
 11078 | D:13     | Received a gift from Yredelemnul (5 flying skulls)
 11136 | D:13     | Noticed a seven-headed hydra
 11143 | D:13     | Killed a six-headed hydra
 11647 | D:14     | Received a gift from Yredelemnul (a wraith)
 11662 | D:14     | Noticed a centaur warrior
 11674 | D:14     | Killed a centaur warrior
 11707 | D:14     | Noticed a tengu warrior
 11710 | D:14     | Noticed a catoblepas
 11716 | D:14     | Killed a tengu warrior
 11718 | D:14     | Killed a catoblepas
 11722 | D:14     | Found an opulent altar of Gozag.
 11845 | D:14     | Noticed a two-headed ogre
 11849 | D:14     | Killed a two-headed ogre
 11877 | D:14     | Reached ****** piety under Yredelemnul
 11914 | D:14     | Noticed a centaur warrior
 11925 | D:14     | Killed a centaur warrior
 11967 | D:14     | Received a gift from Yredelemnul (2 flying skulls)
 12017 | D:14     | Noticed a vault guard
 12027 | D:14     | Noticed a vault guard
 12036 | D:14     | Killed a vault guard
 12046 | D:14     | Killed a vault guard
 12046 | D:14     | Reached skill level 5 in Transmutations
 12068 | D:14     | Found a gate to the Vaults.
 12249 | D:14     | Reached XP level 13. HP: 93/124 MP: 15/18
 12548 | D:14     | Received a gift from Yredelemnul (a skeletal warrior)
 12564 | D:14     | Killed from afar by a hell knight

Skill      XL: |  1  2  3  4  5  6  7  8  9 10 11 12 |
---------------+-------------------------------------+-----
Unarmed Combat | 4 6 7 8 10 12 13 14 | 14.8
Fighting       | 1 2 3 4 5 7 |  7.5
Invocations    | 1 2 4 5 6 |  6.0
Armour         | 2 3 4 |  4.0
Ice Magic      | 1 3 4 |  4.9
Transmutations | 2 3 5 |  5.4
Spellcasting   | 2 4 |  4.2
Long Blades    | |  0.7
Polearms       | |  0.2
Dodging        | |  1.5

Action                   |  1- 3 |  4- 6 |  7- 9 | 10-12 | 13-15 || total
-------------------------+-------+-------+-------+-------+-------++-------
Melee: Unarmed           |   103 |   128 |   281 |   453 |    38 ||  1003
       Spear             |       |    12 |    28 |       |       ||    40
       Punch             |       |     3 |    11 |    35 |     2 ||    51
       Scimitar          |       |       |       |     4 |       ||     4
 Cast: Beastly Appendage |       |     1 |       |       |       ||     1
Invok: Animate Remains   |       |     9 |     4 |       |       ||    13
       Animate Dead      |       |       |     9 |    37 |     3 ||    49
       Recall Undead Sla |       |       |     1 |       |       ||     1
Evoke: Wand              |       |     3 |     1 |       |       ||     4
  Use: Scroll            |       |       |    11 |    11 |       ||    22
       Potion            |       |       |       |     3 |     1 ||     4
 Stab: Distracted        |       |       |       |     3 |     1 ||     4
  Eat: Chunk             |    16 |    12 |    48 |    50 |       ||   126
       Ration            |       |       |       |     2 |       ||     2
Armor: Robe              |    29 |    39 |    63 |     7 |       ||   138
       Troll leather arm |       |       |       |   232 |    12 ||   244
       Skin              |       |       |       |     1 |       ||     1
Dodge: Dodged            |    46 |    66 |   129 |   149 |     8 ||   398
